 Dungeon Crawl Stone Soup version 0.19.1 (webtiles) character file.

2396 Rugargulya the Basher (level 9, -7/55 HPs)
             Began as a Gargoyle Fighter on Nov 24, 2016.
             Was a Follower of Ru.
             Killed by the air
             ... invoked by Gastronok
              (22 damage)
             ... on level 8 of the Dungeon.
             The game lasted 00:21:49 (4494 turns).

Rugargulya the Basher (Gargoyle Fighter)            Turns: 4494, Time: 00:21:49

Health: -7/55      AC: 20    Str: 27    XL:     9   Next: 46%
Magic:  9/9        EV: 10    Int: 10    God:    Ru [*.....]
Gold:   301        SH: 12    Dex: 18    Spells: 0 memorised, 8 levels left

rFire  . . .     SeeInvis .     l - +4 flail (protect)
rCold  . . .     Gourm    .     b - +0 scale mail
rNeg   + . .     Faith    .     c - +0 shield
rPois  ∞         Spirit   .     (no helmet)
rElec  +         Reflect  .     (no cloak)
rCorr  .         Harm     .     (no gloves)
MR     .....                    (no boots)
Stlth  +.........               g - amulet of magic regeneration
                                m - +5 ring of dexterity
                                j - +4 ring of dexterity

@: mighty, protection aura
A: negative energy resistance 1, electricity resistance, unbreathing,
petrification resistance, rot immunity, hated by all, AC +5
a: Renounce Religion


You were on level 8 of the Dungeon.
You worshipped Ru.
Ru was aware of your devotion.
You were not hungry.

You visited 1 branch of the dungeon, and saw 8 of its levels.

You collected 301 gold pieces.

Inventory:

Hand Weapons
 a - a +0 flail
 l - a +4 flail of protection (weapon)
Armour
 b - a +0 scale mail (worn)
 c - a +0 shield (worn)
 e - a +0 cloak
 k - a +0 troll leather armour
Jewellery
 g - an amulet of magic regeneration (around neck)
 j - a +4 ring of dexterity (left hand)
 m - a +5 ring of dexterity (right hand)
 p - an uncursed ring of stealth
 q - an uncursed ring of ice {unknown}
Wands
 v - a wand of acid (7/15)
 z - a wand of digging (16/24)
 D - a wand of slowing (40/48)
Scrolls
 n - a scroll of teleportation
 r - 2 scrolls of identify
 s - 2 scrolls of enchant armour {unknown}
 t - a scroll of enchant weapon {unknown}
 w - a scroll of magic mapping
 y - a scroll of remove curse
 F - a scroll of torment {unknown}
Potions
 d - a potion of might
 i - a potion of agility {unknown}
 u - a potion of berserk rage {unknown}
 x - a potion of invisibility {unknown}
 B - a potion of lignification {unknown}
 C - 2 potions of haste {unknown}
Comestibles
 f - 5 bread rations
 h - 7 meat rations
 o - 2 slices of pizza
 G - a chunk of flesh


   Skills:
 + Level 5.6 Fighting
 + Level 8.7 Maces & Flails
 + Level 6.0 Armour
 + Level 2.5 Dodging
 + Level 1.7 Stealth
 + Level 6.8 Shields


You had 8 spell levels left.
You didn't know any spells.

Dungeon Overview and Level Annotations

Branches:
Dungeon (8/15)             Temple (0/1) D:6
   Lair: D:8-11

Altars:
Dithmenos
Elyvilon
Fedhas
Okawaru
Ru
Trog
Zin
The Shining One

Shops:
D:6 %

Annotations:
D:8 Gastronok


Innate Abilities, Weirdness & Mutations

You are resistant to torment.
Your stone body is resilient. (AC +5)
You are immune to poison.
You resist negative energy. (rN+)
You are resistant to electric shocks. (rElec)
You can survive without breathing.
You are immune to petrification.
You are immune to rotting.
You are hated by all.


Message History

You sock Gastronok!
Gastronok is heavily wounded.
Gastronok chants a spell, wobbling all the while.
You thump Gastronok!
Gastronok is severely wounded.
You thump Gastronok!
Gastronok is severely wounded.
Gastronok barely misses you.
You sock Gastronok!
Gastronok is almost dead.
You sock Gastronok!
Gastronok is almost dead.
You block Gastronok's attack.
You completely miss Gastronok.
Gastronok is almost dead.
You hit Gastronok.
Gastronok is almost dead.
Gastronok waves his eye-stalks in wide circles.
The air twists around and strikes you!
You die...

#.# #<#
#.# #.#
#.# #r#
#.####w#
#.....@#
#####..#
#.<#
#.## #.
.. ###


You could see Gastronok and a quokka.

Vanquished Creatures
  Grinder (D:4)
  Edmund (D:4)
  Duvessa (D:7)
  A water moccasin (D:5)
  An ice beast (D:5)
  5 ogres
  2 centaurs
  A bullfrog (D:6)
  Dowan (D:7)
  2 scorpions
  5 killer bees (D:7)
  An electric eel (D:6)
  3 howler monkeys
  A crimson imp (D:5)
  A bullfrog zombie (D:4)
  A jelly (D:4)
  An orc wizard (D:7)
  Crazy Yiuf (D:4)
  A bullfrog skeleton (D:6)
  Natasha (twice) (D:4)
  An iguana (D:4)
  3 worker ants
  A hound skeleton (D:5)
  A howler monkey zombie (D:6)
  7 gnolls
  11 adders
  2 adder skeletons (D:5)
  A dart slug (D:1)
  6 leopard geckos
  4 orcs (D:7)
  A ball python (D:5)
  10 giant cockroaches
  8 goblins
  7 hobgoblins
  3 jackals (D:3)
  6 kobolds
  3 quokkas
  7 bats
  6 frilled lizards
  A jackal skeleton (D:7)
  A leopard gecko skeleton (D:4)
  A quokka skeleton (D:5)
  9 rats
133 creatures vanquished.

Notes
Turn   | Place    | Note
-------+----------+-------------------------------------------
     0 | D:1      | Rugargulya the Gargoyle Fighter began the quest for the Orb.
     0 | D:1      | Reached XP level 1. HP: 14/14 MP: 1/1
   112 | D:1      | Reached XP level 2. HP: 18/19 MP: 2/2
   464 | D:2      | Reached XP level 3. HP: 23/23 MP: 3/3
   712 | D:2      | Reached XP level 4. HP: 27/28 MP: 4/4
   736 | D:2      | Reached skill level 3 in Maces & Flails
  1131 | D:2      | Reached skill level 1 in Dodging
  1366 | D:3      | Reached XP level 5. HP: 28/32 MP: 5/5
  1405 | D:3      | Found a faded altar of an unknown god.
  1759 | D:4      | Reached skill level 4 in Maces & Flails
  1759 | D:4      | Reached XP level 6. HP: 23/38 MP: 6/6
  1805 | D:4      | Found a runed door.
  1809 | D:4      | Noticed Crazy Yiuf
  1821 | D:4      | Paralysed by Crazy Yiuf for 3 turns
  1824 | D:4      | Killed Crazy Yiuf
  1931 | D:4      | Noticed Edmund
  1931 | D:4      | Noticed Natasha
  1937 | D:4      | Killed Natasha
  1944 | D:4      | Killed Edmund
  1944 | D:4      | Reached skill level 5 in Shields
  2026 | D:4      | Noticed Grinder
  2034 | D:4      | Reached XP level 7. HP: 34/43 MP: 7/7
  2058 | D:4      | Reached skill level 5 in Maces & Flails
  2062 | D:4      | Killed Grinder
  2326 | D:4      | Noticed Natasha
  2339 | D:4      | Killed Natasha
  2341 | D:4      | Reached skill level 6 in Maces & Flails
  2360 | D:4      | Found a shadowy altar of Dithmenos.
  2365 | D:4      | Reached XP level 8. HP: 47/48 MP: 8/8
  2538 | D:5      | Entered Level 5 of the Dungeon
  2551 | D:5      | Reached skill level 5 in Armour
  2564 | D:5      | Found a glowing silver altar of Zin.
  2567 | D:5      | Found a white marble altar of Elyvilon.
  2568 | D:5      | Found a bloodstained altar of Trog.
  2605 | D:5      | Found a blossoming altar of Fedhas.
  2647 | D:5      | Found a shadowy altar of Dithmenos.
  2729 | D:5      | Found a glowing golden altar of the Shining One.
  2757 | D:5      | Found an iron altar of Okawaru.
  2997 | D:5      | Found a sacrificial altar of Ru.
  3040 | D:5      | Reached skill level 5 in Fighting
  3040 | D:5      | Reached skill level 7 in Maces & Flails
  3055 | D:5      | Became a worshipper of Ru the Awakened
  3366 | D:6      | Reached skill level 1 in Stealth
  3441 | D:6      | Found a staircase to the Ecumenical Temple.
  3480 | D:6      | Reached XP level 9. HP: 53/54 MP: 9/9
  3699 | D:6      | Found Wogan's Food Shop.
  3749 | D:6      | Reached skill level 8 in Maces & Flails
  4016 | D:7      | Noticed Dowan
  4018 | D:7      | Noticed Duvessa
  4027 | D:7      | Killed Duvessa
  4031 | D:7      | Killed Dowan
  4103 | D:7      | Gained mutation: You are hated by all. [Ru sacrifice]
  4103 | D:7      | Reached * piety under Ru
  4471 | D:8      | Noticed Gastronok
  4494 | D:8      | Killed from afar by Gastronok

Skill      XL: |  1  2  3  4  5  6  7  8  9 |
---------------+----------------------------+-----
Shields        | 4 5 6 |  6.8
Maces & Flails | 3 4 6 7 8 |  8.7
Dodging        | 1 2 |  2.5
Armour         | 4 5 6 |  6.0
Fighting       | 4 5 |  5.6
Stealth        | 1 |  1.7

Action                   |  1- 3 |  4- 6 |  7- 9 || total
-------------------------+-------+-------+-------++-------
Melee: Flail             |   130 |   198 |   229 ||   557
Invok: Sacrifice Love    |       |       |     1 ||     1
  Use: Scroll            |       |     8 |     1 ||     9
       Potion            |       |     4 |     3 ||     7
 Stab: Invisible         |       |       |     1 ||     1
       Paralysed         |       |       |     1 ||     1
  Eat: Chunk             |       |     4 |     7 ||    11
       Pizza             |       |       |     1 ||     1
Armor: Scale mail        |   100 |   139 |    93 ||   332
Dodge: Dodged            |    48 |    89 |    70 ||   207
Block: Shield            |    85 |   145 |   105 ||   335
